 Dungeon Crawl Stone Soup version 0.22.0-27-ga576289601 (webtiles) character file.

163 Quarzitep the Magician (level 5, 0/31 HPs)
             Began as an Octopode Wizard on Aug 21, 2018.
             Was an Initiate of Nemelex Xobeh.
             Slain by an orc wizard
             ... wielding a +0 dagger
              (2 damage)
             ... on level 3 of the Dungeon.
             The game lasted 00:42:41 (4421 turns).

Quarzitep the Magician (Octopode Wizard)            Turns: 4421, Time: 00:42:42

Health: 0/31       AC:  1    Str:  7    XL:     5   Next: 44%
Magic:  8/10       EV: 13    Int: 21    God:    Nemelex Xobeh [......]
Gold:   132        SH:  4    Dex: 10    Spells: 3/11 levels left

rFire    . . .     SeeInvis .   (no weapon)
rCold    . . .     Gourm    .   (no shield)
rNeg     . . .     Faith    .   a - +0 hat
rPois    .         Spirit   .   (no amulet)
rElec    .         Reflect  .   e - ring of teleportation (curse)
rCorr    +         Harm     .   c - ring of resist corrosion
MR       +....     Rnd*Tele +   (no ring)
Stlth    +++.......             (no ring)
HPRegen  0.10/turn              (no ring)
MPRegen  0.12/turn              (no ring)
                                (no ring)
                                (no ring)

@: no status effects
A: almost no armour, stealthy swim, amphibious, 8 rings, constrict 8, large bone
plates 1, camouflage 1, magic resistance 1, wild magic 1, gelatinous body 1
a: Renounce Religion


You were on level 3 of the Dungeon.
You worshipped Nemelex Xobeh.
Nemelex Xobeh was noncommittal.
You were not hungry.

You visited 1 branch of the dungeon, and saw 4 of its levels.

You collected 132 gold pieces.

Inventory:

Hand Weapons
 f - a +0 hunting sling
 i - a +0 dagger
 j - a +0 short sword
Missiles
 b - 66 stones (quivered)
 g - a throwing net
Armour
 a - a +0 hat (worn)
Jewellery
 c - a ring of resist corrosion (right tentacle)
 e - a cursed ring of teleportation (left tentacle)
Comestibles
 d - 2 rations
 h - a chunk of flesh


   Skills:
 - Level 2.2 Dodging
 - Level 2.6 Stealth
 + Level 3.6 Spellcasting
 - Level 2.0 Conjurations
 + Level 2.3 Summonings
 + Level 2.2 Translocations
 + Level 1.3 Air Magic
 + Level 1.6 Poison Magic


You had 3 spell levels left.
You knew the following spells:

 Your Spells              Type           Power        Failure   Level  Hunger
a - Magic Dart            Conj           ###.         9%          1    None
b - Blink                 Tloc           N/A          12%         2    ##.....
c - Call Imp              Summ           ###.....     11%         2    ##.....
d - Mephitic Cloud        Conj/Pois/Air  ##......     26%         3    ###....

Your spell library contained the following spells:

 Spells                   Type           Power        Failure   Level  Hunger
 Slow                     Hex            #.......     26%         2    ##.....
 Conjure Flame            Conj/Fire      ##......     32%         3    ###....


Dungeon Overview and Level Annotations

Branches:
Dungeon (4/15)
 Temple: D:4-7

Altars:
Nemelex Xobeh


Innate Abilities, Weirdness & Mutations

You cannot wear most types of armour.
You are very stealthy in the water. (Stealth+)
You are amphibious.
You can wear up to eight rings at the same time.
You can use your tentacles to constrict eight enemies at once.
Your skin changes colour to match your surroundings (Stealth+).
Your rubbery body absorbs attacks. (AC +1, EV +1)
You are partially covered in large bone plates. (SH +4)
You are resistant to hostile enchantments. (MR+)
Your spells are a little harder to cast, but a little more powerful.


Message History

Your shadow imp hits the orc wizard.
The orc wizard dies!
What are your orders? t - Shout!
Orders for allies: a - Attack new target. r - Retreat! s - Stop attacking. g - Guard the area. f - Follow me.
Anything else - Cancel.
Okay, then.
Your shadow imp gestures at the orc wizard.
The orc wizard writhes in agony!
The orc barely misses you.
There is a fountain of sparkling water here.
You block the orc wizard's attack.
There is a sparkling altar of Nemelex Xobeh here.
You curl up in front of the altar of Nemelex Xobeh.
Nemelex Xobeh welcomes you! The orc misses you.
The orc wizard hits you with a dagger.
You die...
Your body disappears without a glow.

,,,,,* *,,,,,,,**,,,,,,,,,,,,,**≈
,,,,,*********###.#####*,,,,,,**≈
,,,,,,,,,,,,,,..#......,,,,,,,*≈≈
,,,##########*#.#..#.#**,,*****≈,
,,,#........###.#.....,,,,*****≈,
,,,#...............##***,,,,,,*≈,
,###........).......# #.g#.***≈,
##........)....⌠.⌠#.####g...* *≈≈
.#...).........o@...........* **≈
##...).........o.⌠..........* ###
.#...........5.............g* #.#
##..........................* #.#
.######.....5..........##..5###..
.# #....###.........#....gg5.. .#
#....# #.......<.#..####### .#
#..).# #.........#,,*
.######....#**......,,,*,,****


You could see an orc wizard, an orc and 2 friendly shadow imps.

Vanquished Creatures
  A hound (D:2)
  A gnoll (D:3)
  4 adders
  A leopard gecko (D:3)
  2 orcs
  3 goblins
  4 hobgoblins
  A quokka (D:2)
  5 bats
  3 frilled lizards
  2 kobolds (D:2)
  3 rats
30 creatures vanquished.

Vanquished Creatures (collateral kills)
  An orc wizard (D:3)
  3 adders
  2 gnolls (D:3)
  3 oozes
  A worm (D:2)
  A dart slug (D:1)
  2 orcs (D:3)
  3 goblins
  3 hobgoblins
  4 jackals (D:1)
  3 bats (D:1)
  A frilled lizard (D:2)
  5 kobolds
  A rat (D:1)
33 creatures vanquished.

Grand Total: 63 creatures vanquished

Notes
Turn   | Place    | Note
-------+----------+-------------------------------------------
     0 | D:1      | Quarzitep the Octopode Wizard began the quest for the Orb.
     0 | D:1      | Reached XP level 1. HP: 11/11 MP: 4/4
   215 | D:1      | Gained mutation: You are resistant to hostile enchantments. (MR+) [potion of mutation]
   215 | D:1      | Gained mutation: Your spells are a little harder to cast, but a little more powerful. [potion of mutation]
   215 | D:1      | Gained mutation: You are partially covered in large bone plates. (SH +4) [potion of mutation]
   500 | D:1      | Reached XP level 2. HP: 17/17 MP: 1/6
   504 | D:1      | Learned a level 2 spell: Blink
   507 | D:1      | Learned a level 2 spell: Call Imp
  1719 | D:2      | Reached XP level 3. HP: 19/21 MP: 3/7
  1739 | D:2      | Learned a level 3 spell: Mephitic Cloud
  2590 | D:2      | Reached XP level 4. HP: 27/27 MP: 2/9
  3452 | D:2      | Reached skill level 1 in Poison Magic
  3969 | D:3      | Reached skill level 1 in Air Magic
  3969 | D:3      | Reached XP level 5. HP: 31/31 MP: 2/10
  4176 | D:3      | HP: 1/31 [poisoned by an adder]
  4231 | D:3      | Found a sparkling altar of Nemelex Xobeh.
  4409 | D:3      | HP: 1/31 [orc wizard/magic dart (6)]
  4421 | D:3      | Became a worshipper of Nemelex Xobeh the Trickster
  4421 | D:3      | Slain by an orc wizard

Skill      XL: |  1  2  3  4 |
---------------+-------------+-----
Conjurations   | 2 |  2.0
Summonings     | 2 |  2.3
Translocations | 2 |  2.2
Poison Magic   | 1 |  1.6
Air Magic      | 1 |  1.3
Dodging        | |  2.2
Stealth        | |  2.6
Spellcasting   | |  3.6

Action                   |  1- 3 |  4- 6 || total
-------------------------+-------+-------++-------
Melee: Unarmed           |    19 |    22 ||    41
       Constrict         |     5 |     5 ||    10
       Tentacles         |     4 |     1 ||     5
Throw: Stone             |     1 |       ||     1
 Cast: Magic Dart        |    26 |    38 ||    64
       Call Imp          |    28 |    23 ||    51
       Blink             |     2 |     3 ||     5
  Use: Potion            |     3 |     4 ||     7
       Scroll            |     4 |     2 ||     6
 Stab: Sleeping          |       |     1 ||     1
  Eat: Chunk             |     2 |       ||     2
       Ration            |     1 |     2 ||     3
Armor: Skin              |     9 |     2 ||    11
Dodge: Dodged            |    36 |    42 ||    78
Block: Other             |    15 |    14 ||    29
